 Dungeon Crawl Stone Soup version 0.27.1-2-g3b301248ec (webtiles) character file.

Game seed: 14931685385819786118

22694 Borgoz the Fighter (level 13, -6/86 HPs)
             Began as a Gargoyle Berserker on Sept 26, 2021.
             Was a High Priest of Trog.
             Mangled by a boulder beetle (8 damage)
             ... on level 13 of the Dungeon.
             The game lasted 00:16:50 (15021 turns).

Borgoz the Fighter (Gargoyle Berserker)            Turns: 15021, Time: 00:16:51

Health: -6/86      AC: 18    Str: 23    XL:     13   Next: 1%
Magic:  13/13      EV: 19    Int:  7    God:    Trog [*****.]
Gold:   647        SH:  0    Dex: 13    Spells: 12/12 levels left

rFire    . . .     SeeInvis +   x - +8 mace of Resourcefulness {vorpal, SInv}
rCold    . . .     Faith    .   (no shield)
rNeg     + . .     Spirit   .   b - +0 acid dragon scales
rPois    ∞         Reflect  .   (no helmet)
rElec    +         Harm     .   (no cloak)
rCorr    +         Rampage  .   (no gloves)
Will     ++...                  (no boots)
Stlth    +.........             (no amulet)
HPRegen  1.24/turn              g - +4 ring of evasion
MPRegen  0.13/turn              (no ring)

@: strong-willed, on berserk cooldown, regenerating, slowed, very slow
A: sickness immunity, AC +9, negative energy resistance 1, electricity
resistance, torment resistance 1, petrification resistance
a: Renounce Religion, Berserk, Trog's Hand, Brothers in Arms


You were on level 13 of the Dungeon.
You worshipped Trog.
Trog was extremely pleased with you.
You visited 1 branch of the dungeon, and saw 13 of its levels.

You collected 647 gold pieces.

Inventory:

Hand Weapons
 x - the +8 mace of Resourcefulness (weapon) {vorpal, SInv}
   (You found it on level 7 of the Dungeon)

   It inflicts extra damage upon your enemies.
   SInv:      It lets you see invisible.
Armour
 b - +0 acid dragon scales (worn)
 q - the +0 leather armour "Ibuirai" {rF+++}
   (You found it on level 5 of the Dungeon)

   rF:        It renders you almost immune to fire.
 B - the +3 hat of Pondering {ponderous, Will+ MP+10 Int+5}
   (You took it off Gastronok on level 12 of the Dungeon)

   Int:       It affects your intelligence (+5).
   MP:        It affects your magic capacity (+10).
   Will:      It increases your willpower.
 C - the +1 leather armour of Catatonia {rC+}
   (You found it on level 13 of the Dungeon)

   rC:        It protects you from cold.
Jewellery
 g - a +4 ring of evasion (left hand)
Wands
 e - a wand of paralysis (9)
 o - a wand of digging (21)
 s - a wand of iceblast (14)
 u - a wand of acid (9)
Scrolls
 d - a scroll of noise {unknown}
 f - 2 scrolls of immolation {unknown}
 k - 3 scrolls of magic mapping
 l - a scroll of vulnerability {unknown}
 m - 2 scrolls of blinking {unknown}
 n - 5 scrolls of teleportation
 p - 2 scrolls of enchant armour {unknown}
 r - 3 scrolls of fear
 t - a scroll of torment {unknown}
 y - a scroll of brand weapon {unknown}
Potions
 a - 3 potions of attraction {unknown}
 c - a potion of mutation
 h - 3 potions of might
 i - 2 potions of curing
 j - a potion of heal wounds {unknown}
 v - 2 potions of berserk rage {unknown}
 w - a potion of lignification {unknown}
 A - a potion of haste


   Skills:
 + Level 12.1 Fighting
 + Level 11.1 Maces & Flails
 + Level 11.8 Armour
 + Level 9.2 Dodging


You had 12 spell levels left.
You didn't know any spells.
Your spell library was empty.

Dungeon Overview and Level Annotations

Branches:
Dungeon (13/15)            Temple (0/1) D:7            Lair (0/6) D:11
    Orc (0/2) D:12
 Vaults: D:13-14

Altars:
Ashenzari
Cheibriados
Elyvilon
Fedhas
Gozag
Makhleb
Okawaru
Sif Muna
Trog
Uskayaw
Zin
The Shining One

Shops:
D:1 ?   D:7 *

Portals:
Trove: D:12 (give +7 demon blade)


Innate Abilities, Weirdness & Mutations

You are immune to sickness and miasma.
Your stone body is resilient. (AC +9)
You are immune to poison.
You resist negative energy. (rN+)
You are resistant to electric shocks. (rElec)
You are resistant to unholy torment.
You are immune to petrification.


Message History

You are too injured to fight recklessly!
You are too injured to fight recklessly!
You are too injured to fight recklessly!
You're still recovering from your berserk rage.
Your skin crawls.
You feel strong-willed.
The boulder beetle bites you but does no damage.
You sock the boulder beetle!
You kill the boulder beetle!
Trog accepts your kill. The boulder beetle bites you.
You have reached level 13!
You hit the boulder beetle.
The boulder beetle is moderately wounded.
The boulder beetle bites you but does no damage.
The boulder beetle leaps!
The boulder beetle leaps!
The boulder beetle curls into a ball and begins rolling!
The boulder beetle hits you!!!
Ouch! That really hurt!
* * * LOW HITPOINT WARNING * * *
The boulder beetle stops rolling and uncurls.
You hear a shout!
The boulder beetle closely misses you.
You hit the boulder beetle.
The boulder beetle is moderately wounded.
The boulder beetle misses you. The boulder beetle closely misses you.
You hit the boulder beetle but do no damage.
The boulder beetle is moderately wounded.
The boulder beetle closely misses you.
A centaur warrior comes into view.
Okay, then.
Okay, then.
Your troll goes berserk!
The centaur warrior shouts!
The centaur warrior wields a +0 longbow.
The centaur warrior shoots an arrow.
The arrow hits you!
* * * LOW HITPOINT WARNING * * *
The boulder beetle bites you!
You die...

######################
........................
........................
#........####..........
#.......># #.######...
#........# #.# #...
#.......>####.######...
#.....T................
####....B@................
#.........................
#.............[....###....
#......#########...###....
#......# #.......)))
#.....†# #......)).)
#......# #..#####...
#.c........... ...# #...
#........##### #.# #...


You could see a boulder beetle (ally target), a centaur warrior and a friendly
troll (summoned, berserk).

Vanquished Creatures
  Gastronok (D:12)
  2 boulder beetles
  2 two-headed ogres
  3 centaur warriors (D:13)
  Urug (D:10)
  Nergalle (D:12)
  Sonja (D:12)
  Pikel (D:4)
  A deep elf pyromancer (D:12)
  4 manticores
  2 oklob plants (D:11)
  A cyclops (D:12)
  Maggie (D:9)
  4 orange demons (D:12)
  2 gargoyles (D:12)
  2 kobold demonologists (D:9)
  An unseen horror (D:12)
  Psyche (D:8)
  A hornet (D:8)
  A shadow (D:9)
  9 yaks
  5 steam dragons
  Eustachio (D:6)
  2 vampire mosquitoes (D:11)
  Edmund (D:5)
  3 acid dragons (D:13)
  Purgy (D:4)
  2 black bears
  4 orc warriors
  A sky beast (D:5)
  3 ogres
  A necrophage (D:6)
  6 centaurs
  Blork the orc (D:6)
  A bullfrog (D:6)
  4 kobold brigands
  5 scorpions
  A wyvern skeleton (D:7)
  4 killer bees (D:9)
  23 wights
  5 howler monkeys
  A crimson imp (D:7)
  2 centaur zombies
  4 hounds
  A gnoll shaman (D:7)
  8 orc priests
  2 bullfrog skeletons
  2 centaur skeletons
  An iguana (D:5)
  4 orc wizards
  A killer bee zombie (D:8)
  A howler monkey zombie (D:9)
  9 gnolls
  A howler monkey skeleton (D:5)
  5 adders
  2 white imps (D:7)
  2 ufetubi
  An adder skeleton (D:4)
  4 worms
  6 dart slugs
  38 orcs
  10 ball pythons
  8 bats
  7 endoplasms
  2 giant cockroaches (D:1)
  11 hobgoblins
  3 jackals (D:4)
  5 frilled lizards
  5 goblins
  24 kobolds
  4 rats
290 creatures vanquished.

Vanquished Creatures (collateral kills)
  4 orc warriors (D:12)
  4 orc priests (D:12)
  An orc wizard (D:12)
  7 orcs (D:12)
16 creatures vanquished.

Vanquished Creatures (others)
  14 fungi (D:8)
  12 plants (D:11)
26 creatures vanquished.

Grand Total: 332 creatures vanquished

Notes
Turn   | Place    | Note
-------+----------+-------------------------------------------
     0 | D:1      | Borgoz the Gargoyle Berserker began the quest for the Orb.
     0 | D:1      | Reached XP level 1. HP: 14/14 MP: 1/1
   245 | D:1      | Reached XP level 2. HP: 17/19 MP: 2/2
   501 | D:1      | Found Wiqaropt's Magic Scroll Emporium.
   797 | D:1      | Reached ** piety under Trog
   798 | D:1      | Reached XP level 3. HP: 23/23 MP: 3/3
  1827 | D:2      | Reached XP level 4. HP: 25/29 MP: 4/4
  1930 | D:2      | Found a faded altar of an unknown god.
  2008 | D:3      | Reached skill level 4 in Fighting
  2273 | D:3      | Reached *** piety under Trog
  2317 | D:3      | Reached XP level 5. HP: 33/33 MP: 5/5
  2614 | D:3      | Found a bloodstained altar of Trog.
  2926 | D:4      | Noticed Purgy
  2937 | D:4      | Killed Purgy
  2938 | D:4      | Reached XP level 6. HP: 39/39 MP: 6/6
  3451 | D:4      | Found a blossoming altar of Fedhas.
  3491 | D:4      | Noticed Pikel
  3503 | D:4      | Killed Pikel
  3504 | D:4      | Reached skill level 5 in Fighting
  3504 | D:4      | Reached skill level 5 in Maces & Flails
  3504 | D:4      | Reached skill level 5 in Armour
  3504 | D:4      | Reached XP level 7. HP: 45/45 MP: 7/7
  3597 | D:4      | Found a shimmering blue altar of Sif Muna.
  3874 | D:4      | Found an iron altar of Okawaru.
  3881 | D:4      | Reached XP level 8. HP: 51/51 MP: 8/8
  4135 | D:5      | Entered Level 5 of the Dungeon
  4246 | D:5      | Reached skill level 6 in Fighting
  4340 | D:5      | Found a broken altar of Ashenzari.
  4365 | D:5      | Noticed Edmund
  4375 | D:5      | Killed Edmund
  4455 | D:5      | Identified the +0 leather armour "Ibuirai" {rF+++}
  4457 | D:5      | Reached **** piety under Trog
  4487 | D:5      | Found a glowing golden altar of the Shining One.
  4732 | D:5      | Found a glowing silver altar of Zin.
  4733 | D:5      | Found an opulent altar of Gozag.
  4820 | D:6      | Noticed Eustachio
  4827 | D:6      | Noticed Blork the orc
  4833 | D:6      | Killed Eustachio
  4834 | D:6      | Killed Blork the orc
  4958 | D:6      | Reached XP level 9. HP: 53/56 MP: 9/9
  4997 | D:6      | Reached skill level 7 in Fighting
  5155 | D:6      | Reached skill level 5 in Dodging
  6046 | D:7      | Found a staircase to the Ecumenical Temple.
  6315 | D:7      | Found Kirik's Neck Hole.
  6406 | D:7      | Identified the +8 mace of Resourcefulness {vorpal, SInv}
  6604 | D:7      | Found a burning altar of Makhleb.
  6727 | D:7      | Found a snail-covered altar of Cheibriados.
  6752 | D:7      | Found a hide-covered altar of Uskayaw.
  7304 | D:8      | Reached skill level 8 in Fighting
  7322 | D:8      | Reached XP level 10. HP: 35/64 MP: 10/10
  7518 | D:8      | Noticed Psyche
  7531 | D:8      | Killed Psyche
  7609 | D:8      | Reached ***** piety under Trog
  7614 | D:8      | HP: 3/65 [orc (8)]
  8067 | D:8      | Reached skill level 9 in Fighting
  8654 | D:9      | Noticed a kobold demonologist
  8655 | D:9      | Noticed a kobold demonologist
  8672 | D:9      | Killed a kobold demonologist
  8675 | D:9      | Noticed a sixfirhy
  8678 | D:9      | Noticed a rust devil
  8683 | D:9      | Killed a kobold demonologist
  9025 | D:9      | Found a white marble altar of Elyvilon.
  9210 | D:9      | Noticed Maggie
  9222 | D:9      | Killed Maggie
  9223 | D:9      | Reached XP level 11. HP: 72/72 MP: 11/11
  9569 | D:10     | Entered Level 10 of the Dungeon
  9577 | D:10     | Noticed Urug
  9587 | D:10     | Killed Urug
  9623 | D:10     | Reached skill level 10 in Fighting
 10056 | D:10     | Noticed a manticore
 10072 | D:10     | Killed a manticore
 10664 | D:11     | Found a staircase to the Lair.
 10669 | D:11     | Noticed an oklob plant
 10672 | D:11     | Noticed an oklob plant
 10726 | D:11     | Killed an oklob plant
 11234 | D:11     | Noticed a two-headed ogre
 11244 | D:11     | Killed a two-headed ogre
 11245 | D:11     | Reached skill level 10 in Armour
 11486 | D:11     | Noticed a manticore
 11499 | D:11     | Killed a manticore
 12209 | D:11     | Killed an oklob plant
 12373 | D:12     | Noticed a two-headed ogre
 12381 | D:12     | Killed a two-headed ogre
 12533 | D:12     | Found a staircase to the Orcish Mines.
 12734 | D:12     | Noticed a deep elf pyromancer
 12748 | D:12     | Killed a deep elf pyromancer
 12895 | D:12     | Noticed Gastronok
 12914 | D:12     | Killed Gastronok
 12915 | D:12     | Reached skill level 11 in Fighting
 12915 | D:12     | Reached skill level 10 in Maces & Flails
 12915 | D:12     | Reached XP level 12. HP: 59/80 MP: 12/12
 13106 | D:12     | Noticed Sonja
 13127 | D:12     | Killed Sonja
 13282 | D:12     | Found a portal to a secret trove of treasure.
 13301 | D:12     | Noticed Nergalle
 13312 | D:12     | Killed Nergalle
 14034 | D:13     | Noticed a boulder beetle
 14054 | D:12     | Killed a boulder beetle
 14237 | D:13     | Noticed a centaur warrior
 14246 | D:13     | Killed a centaur warrior
 14677 | D:13     | Identified the +1 leather armour of Catatonia {rC+}
 14708 | D:13     | Noticed a centaur warrior
 14713 | D:13     | Noticed a centaur warrior
 14722 | D:13     | Killed a centaur warrior
 14726 | D:13     | Killed a centaur warrior
 14727 | D:13     | Reached skill level 12 in Fighting
 14985 | D:13     | Noticed a boulder beetle
 14993 | D:13     | Noticed a boulder beetle
 15011 | D:13     | Killed a boulder beetle
 15012 | D:13     | Reached XP level 13. HP: 43/86 MP: 13/13
 15021 | D:13     | HP: 2/86 [centaur warrior/arrow (13)]
 15021 | D:13     | Mangled by a boulder beetle

Illustrated notes

Levels and vault maps discovered:
D:1:      lemuel_arrival_room, layout_loops_ring, serial_shops,
          nicolae_square_shop
D:2:      layout_loops_ring, shapermc_ecumenical_altar_acropolis,
          minmay_misc_feat_tiny, grunt_ministairs_1
D:3:      layout_basic, trog_book, minmay_starry_boxes
D:4:      layout_gridville, kennysheep_little_box, kennysheep_okawaru_gauntlet,
          mainiacjoe_overflow_six_doors_small, minmay_vboxes, uniq_purgy,
          uniq_pikel
D:5:      layout_rooms, grunt_temple_overflow_gold_and_silver,
          mainiacjoe_overflow_concentric_impassable, nicolae_ashenzari_skybound,
          uniq_edmund
D:6:      layout_cave_pods, uniq_blork_the_orc, uniq_eustachio
D:7:      layout_basic, makhleb_grotto_becter, mainiacjoe_overflow_two_lobes,
          minmay_temple_entry_glassed_door, nicolae_shop_sticking_my_neck_out
D:8:      kennysheep_steamy, layout_loops_corners, grunt_decor_arrowhead,
          uniq_psyche
D:9:      layout_long_grid, mainiacjoe_overflow_catwalk, uniq_maggie
D:10:     layout_loops_ring, uniq_urug
D:11:     layout_roguey, dpeg_oklobed_lair
D:12:     layout_loops_corners, david_orc_4, enter_trove_2, serial_glass,
          glass_columns_b, glass_columns_a, einodemon_barbed_minivault,
          uniq_gastronok, uniq_nergalle, uniq_sonja
D:13:     layout_small_grid, serial_shops, nicolae_stop_n_shop_2

Skill      XL: |  1  2  3  4  5  6  7  8  9 10 11 12 |
---------------+-------------------------------------+-----
Dodging        | 2 3 4 5 7 8 9 |  9.2
Armour         | 3 4 5 6 7 9 10 11 | 11.8
Fighting       | 4 5 6 8 9 11 12 | 12.1
Maces & Flails | 4 5 6 7 8 10 11 | 11.1

Action                   |  1- 3 |  4- 6 |  7- 9 | 10-12 | 13-15 || total
-------------------------+-------+-------+-------+-------+-------++-------
Melee: Mace              |   118 |   161 |    54 |   538 |     3 ||   874
       Flail             |       |     4 |   137 |       |       ||   141
       Whip              |       |       |    44 |       |       ||    44
       Unarmed           |       |       |       |     8 |       ||     8
Invok: Berserk           |     1 |     5 |     2 |    19 |       ||    27
       Trog's Hand       |       |       |       |     5 |       ||     5
       Brothers in Arms  |       |       |       |     1 |     1 ||     2
Evoke: Wand              |       |       |       |     1 |       ||     1
  Use: Scroll            |     1 |     4 |     2 |     3 |       ||    10
       Potion            |       |       |       |     3 |       ||     3
 Stab: Sleeping          |     1 |       |       |       |       ||     1
Armor: Animal skin       |    29 |     5 |       |       |       ||    34
       Chain mail        |       |    93 |   107 |    93 |       ||   293
       Skin              |       |       |       |     1 |       ||     1
       Acid dragon scale |       |       |       |   157 |     1 ||   158
Dodge: Dodged            |    82 |   166 |   127 |   514 |     4 ||   893
